Map: Desfiladeiro Seco

Players

IagoAbreu

  • Race: Zerg Zerg
  • League: Gold
  • Spawn Location: 3:00

IIIIIIIIIIII

  • Race: Zerg Zerg
  • League: Gold
  • Spawn Location: 5:00

Rubio - Winner!

  • Race: Protoss Protoss
  • Spawn Location: 11:00

ChevChelios - Winner!

  • Race: Zerg Zerg
  • League: Diamond
  • Spawn Location: 9:00

VOD

Have the link to the VOD?

Description

Time

  • Played on: April 8, 2018, 4:33 p.m.
  • Length: 10:02
Show
View Real Time Build Order
Export as new Build Order

IagoAbreu Zerg 

Build Orders: Pool Only 

Get SALT Encoding   

  12  0:02  Drone  
  13  0:23  Spawning Pool  
  12  0:40  Drone x2  
  14  0:55  Overlord  
  14  1:18  Drone x2  
  16  2:04  Zergling x6  
  19  2:20  Zergling x2  
  19  3:00  Zergling x6  
  18  3:46  Zergling x6  
  7  4:31  Queen  
  7  4:33  Drone  
  9  5:02  Zergling x2  
  9  5:03  Zergling x2  
  9  5:04  Zergling x2  
  4  5:21  Zergling x2  
  4  5:27  Drone  
  5  5:36  Drone  
  6  5:56  Zergling x2  
  7  5:59  Drone  
  8  6:11  Drone  
  9  6:20  Drone  
  9  6:28  Queen  
  11  6:50  Zergling x2  
  11  6:51  Zergling x2  
  11  7:22  Drone x3  
  13  7:58  Zergling x8  
  16  7:59  Zergling x2  
  16  8:04  Zergling x2  
  17  8:18  Zergling x2  
  13  8:25  Queen  
  10  8:28  Zergling x8  
  10  8:59  Drone x2  
  11  9:30  Zergling x6  
  11  9:37  Zergling x4  
  11  9:38  Zergling x2  
Show
View Real Time Build Order
Export as new Build Order

IIIIIIIIIIII Zerg 

Build Orders:  

Get SALT Encoding   

  12  0:03  Drone  
  13  0:10  Drone  
  14  0:14  Extractor  
  14  0:20  Extractor  
  12  0:23  Drone x2  
  3  4:14  Drone  
Show
View Real Time Build Order
Export as new Build Order

Rubio Protoss - Winner!

Build Orders:  

Get SALT Encoding   

  12  0:09  Probe (Chrono Boost)  
  13  0:19  Probe (Chrono Boost)  
  14  0:26  Probe  
  14  0:27  Pylon  
  15  0:41  Pylon  
  15  0:45  Probe  
  16  0:57  Probe  
  16  0:58  Assimilator  
  16  1:03  Assimilator  
  17  1:06  Pylon  
  17  1:16  Pylon  
  17  1:20  Pylon  
  13  1:26  Pylon  
    2:20  Probe (Chrono Boost)  
  2  2:30  Probe (Chrono Boost)  
  1  4:14  Probe (Chrono Boost)  
Show
View Real Time Build Order
Export as new Build Order

ChevChelios Zerg - Winner!

Build Orders: Hatch First 

Get SALT Encoding   

  12  0:01  Drone  
  13  0:08  Drone  
  14  0:17  Overlord  
  14  0:36  Drone x3  
  17  0:59  Drone  
  17  1:02  Hatchery  
  17  1:04  Extractor  
  16  1:06  Drone  
  16  1:08  Drone  
  18  1:19  Drone  
  19  1:28  Spawning Pool  
  19  1:32  Drone  
  19  1:43  Drone  
  19  2:03  Drone x2  
  21  2:15  Zergling x4  
  22  2:28  Zergling x2  
  22  2:38  Zergling x2  
  17  3:13  Zergling x2  
  17  3:16  Zergling x2  
  19  3:28  Zergling x4  
  21  3:44  Zergling x2, Spine Crawler  
  21  3:54  Zergling x2  
  21  3:59  Zergling x4  
  15  4:13  Drone  
  15  4:18  Drone  
  15  4:33  Drone  
  15  4:38  Drone  
  17  4:51  Drone  
  18  5:00  Drone  
  19  5:13  Zergling x2  
  19  5:21  Zergling x2  
  19  5:32  Hatchery  
  19  5:33  Queen  
  19  5:41  Drone  
  20  5:43  Drone  
  21  5:53  Drone  
  22  6:07  Hatchery  
  22  6:10  Drone  
  21  6:30  Zergling x2  
  22  6:44  Zergling x2  
  22  6:45  Zergling x2  
  22  6:46  Zergling x4  
  25  6:47  Zergling x4  
  25  6:52  Zergling x2  
  28  7:06  Zergling x2  
  28  7:07  Zergling x2  
  28  7:17  Overlord  
  28  7:18  Queen x2, Overlord x2  
  32  7:24  Drone  
  32  7:25  Metabolic Boost  
  32  7:27  Drone  
  34  7:42  Drone x2  
  36  7:45  Drone  
  37  7:55  Drone x2  
  37  7:56  Drone  
  39  7:58  Spine Crawler  
  39  8:02  Drone x2  
  40  8:06  Drone  
  40  8:07  Drone  
  40  8:10  Queen  
  43  8:16  Drone  
  43  8:17  Drone  
  43  8:18  Drone  
  43  8:19  Drone  
  46  8:20  Drone  
  46  8:22  Drone x3  
  46  8:30  Drone x2  
  46  8:31  Drone  
  49  8:39  Zergling x4  
  51  8:41  Zergling x2  
  51  8:54  Zergling x10  
  56  8:59  Zergling x2  
  56  9:00  Zergling x2  
  58  9:04  Overlord  
  58  9:10  Overlord x2  
  57  9:22  Zergling x8  
  59  9:24  Zergling x4  
  59  9:25  Zergling x4  
  61  9:35  Zergling x8  
  61  9:36  Zergling x4  
  67  9:39  Zergling x2  
  67  9:42  Zergling x2  
  67  9:45  Extractor  
  68  9:46  Extractor  
Tags
 
Add a new tag
Caveats
  • Supply blocks, unpowered buildings, or Contaminate may cause inaccurate times.
  • Supply counts are checked every 10 seconds.